Description

Heromarines apporach for a 1 rax 3cc. you can use the mass marines for a poke. at around 7:30 you can attack the 3rd of toss with a strong bio tank force.

Replay - HeroMarine v Zoun: Game 2 - 2000 Atmospheres LE

Build Order

Get SALT Encoding   

  12  0:00  SCV  
  13  0:12  SCV  
  14  0:17  Supply Depot  
  14  0:24  SCV  
  15  0:38  SCV  
  15  0:39  Barracks  
  16  0:43  Refinery  
  16  0:50  SCV  
  17  1:03  SCV  
  18  1:15  SCV  
  19  1:26  Reaper  
  19  1:27  Orbital Command  
  20  1:42  Command Center  
  20  1:48  Supply Depot  
  20  1:52  SCV  
  21  1:58  Barracks Reactor  
  21  2:04  SCV  
  22  2:16  SCV  
  23  2:23  Command Center  
  23  2:29  SCV  
  24  2:34  Marine x2  
  26  2:41  SCV  
  26  2:42  Barracks  
  27  2:52  Marine x2  
  27  2:57  Orbital Command  
  27  2:58  SCV  
  30  3:08  Barracks  
  30  3:10  SCV  
  30  3:12  Marine x2  
  33  3:22  SCV x2  
  35  3:30  Marine x2, Barracks Tech Lab  
  37  3:34  SCV x2  
  37  3:36  Orbital Command  
  39  3:46  SCV x2  
  39  3:47  Marine x2  
  42  3:52  Stimpack  
  42  3:53  Marine  
  44  3:56  Barracks Tech Lab  
  44  3:58  SCV x3  
  44  3:59  Engineering Bay  
  47  4:05  Marine x2  
  49  4:10  Marine  
  49  4:11  SCV x3  
  49  4:13  Supply Depot  
  49  4:14  Combat Shield  
  49  4:16  Marine  
  54  4:20  Supply Depot  
  54  4:23  SCV x3, Marine x2  
  57  4:27  Refinery  
  57  4:28  Marine  
  57  4:29  Terran Infantry Weapons Level 1  
  60  4:34  Marine  
  62  4:38  SCV x3  
  62  4:39  Missile Turret  
  62  4:41  Marine x2  
  66  4:46  Marine  
  66  4:47  Refinery x2  
  66  4:49  Missile Turret  
  66  4:51  SCV x2  
  66  4:52  Marine  
  70  4:57  Factory  
  70  4:58  SCV x2  
  69  5:00  Marine x2  
  69  5:03  SCV  
  70  5:10  SCV x2  
  70  5:12  Marine x2  
  73  5:15  SCV  
  73  5:19  Supply Depot x2  
  73  5:20  Orbital Command  
  75  5:24  Marine x2  
  75  5:26  Barracks x2  
  77  5:33  Supply Depot  
  77  5:41  Starport, Marauder x2  
  77  5:42  Factory Reactor  
  81  5:43  SCV x2  
  82  5:51  SCV  
  82  5:56  Marine x2  
  73  6:02  Marauder x2, SCV x3  
  74  6:14  SCV x3, Marine x2  
  74  6:17  Barracks Reactor  
  74  6:18  Barracks Tech Lab  
  77  6:24  Marauder x2  
  77  6:25  Medivac x2  
  83  6:26  SCV x3  
  83  6:28  Refinery  
  83  6:30  Supply Depot  
  83  6:31  Factory Tech Lab  
  83  6:32  Marine x2  
  87  6:34  Refinery  
  87  6:38  SCV x3  
  92  6:45  Marauder x2  
  97  6:47  Supply Depot x2  
  97  6:49  Siege Tank  
  97  6:52  Terran Infantry Armor Level 1  
  97  6:53  Supply Depot  
  100  6:54  Marine x3  
  100  6:57  Medivac x2  
  108  7:09  Marauder x3  
  108  7:10  Marine x2  
  108  7:12  Supply Depot x2  
  113  7:21  Siege Tank  
  116  7:24  Marine x2  
  116  7:27  Viking x2  
  122  7:31  Marauder x3  
  122  7:32  Concussive Shells  
  122  7:33  Marine x2  
  130  7:44  SCV x3, Marine x2  
  130  7:50  Marine x2  
  136  7:52  Marauder x3  
  136  7:53  Supply Depot x2, Siege Tank  
  136  7:57  Viking  
  148  8:13  Marine x4  
  148  8:15  Marauder x3, Viking  
  148  8:19  Supply Depot x2  
  160  8:26  Siege Tank  
  160  8:27  Supply Depot, Viking, Ghost Academy  
  163  8:31  Marine x4  
  169  8:37  Marauder x3  
  172  8:49  Marine x2  
Spawning Tool Build Advisor. Get it on Overwolf

Go to:

Details

  • Created by: lucahecker
  • Published on: Feb 27, 2022
  • Modified on: Feb 27, 2022
  • Patch: 4.11.0
  • Difficulty: Medium
Show
View Real Time Build Order
Export as new Build Order

Comments (0)

There are no comments. Be the first!

Create an account to comment!